 Dungeon Crawl Stone Soup version 0.31-a0-1068-g5939ac1fb6 (webtiles) character file.

Game seed: 17727758018112121911

203 Frqise the Chopper (level 5, 0/13 HPs)
             Began as a Hill Orc Gladiator on Nov 23, 2023.
             Slain by a gnoll bouda
             ... wielding a +0 club
              (3 damage)
             ... on level 4 of the Dungeon.
             The game lasted 00:07:09 (2733 turns).

Frqise the Chopper (Hill Orc Gladiator)             Turns: 2733, Time: 00:07:10

Health: 0/13       AC:  4    Str: 25    XL:     5   Next: 81%
Magic:  5/5        EV: 12    Int:  8    God:
Gold:   181        SH:  0    Dex: 12    Spells: 4/4 levels left

rFire   . . .        a - melded +0 war axe
rCold   . . .        (shield currently unavailable)
rNeg    . . .        b - +0 leather armour
rPois   .            c - +0 helmet
rElec   .            (no cloak)
rCorr   .            (no gloves)
SInv    .            (no boots)
Will    .....        (no amulet)
Stlth   +            g - +6 ring of strength
HPRegen 0.22/turn    (no ring)
MPRegen 0.09/turn

%: no passive effects
@: flux-form, glowing
A: glow, contaminating, reduced hp
a: Begin Untransformation


You were on level 4 of the Dungeon.
You were something dangerously unstable.
You visited 1 branch of the dungeon, and saw 4 of its levels.

You collected 181 gold pieces.

Inventory:

Hand Weapons
 a - a +0 war axe (melded)
Missiles
 d - 3 throwing nets (quivered)
 e - a javelin
Armour
 b - a +0 leather armour (worn)
 c - a +0 helmet (worn)
 j - an orb of wrath
Jewellery
 g - a +6 ring of strength (left hand)
Talismans
 h - a flux talisman (active)
Wands
 p - a wand of roots (10)
Scrolls
 i - a scroll of identify
Potions
 f - a potion of attraction {unknown}
 k - a potion of curing
 l - a potion of mutation {unknown}
 m - a potion of haste {unknown}
 n - a potion of enlightenment {unknown}
 o - 2 potions of heal wounds {unknown}
 t - a potion of resistance {unknown}
 u - a potion of lignification {unknown}


   Skills:
 + Level 3.5 Fighting
 + Level 6.6 Axes
 + Level 1.7 Throwing
 + Level 2.1 Armour
 + Level 2.9 Dodging
 + Level 0.4 Stealth


You had 4 spell levels left.
You didn't know any spells.
Your spell library contained the following spells:

 Spells                   Type           Power      Damage    Failure   Level
 Apportation              Tloc           0%         N/A       43%         1
 Magic Dart               Conj           0%         1d3       43%         1
 Necrotise                Necr           0%         1d4       43%         1
 Summon Small Mammal      Summ           0%         N/A       43%         1
 Searing Ray              Conj           0%         2d4       58%         2
 Sublimation of Blood     Necr           0%         N/A       58%         2
 Wereblood                Tmut           0%         N/A       58%         2
 Dazzling Flash           Conj/Hex       0%         N/A       82%         3
 Fulminant Prism          Conj/Hex       0%         3d5       99%         4
 Agony                    Necr           0%         N/A       100%        5
 Silence                  Hex/Air        0%         N/A       100%        5
 Summon Hydra             Summ           0%         N/A       100%        7


Dungeon Overview and Level Annotations

Branches:
Dungeon (4/15)
 Temple: D:4-7

Altars:


Message History

A kobold comes into view. It is wielding a +0 dagger.
A kobold is nearby! 2 gnolls come into view.
Found a scroll of immolation and a pair of glowing boots.
The gnoll shouts!
A gnoll bouda comes into view. It is wielding a +0 club.
A gnoll comes into view. It is wielding a +0 spear.
The gnoll shouts! x2
The gnoll bouda gazes fiercely through you!
You feel your attacks grow feeble. The kobold barely misses you.
You hit the kobold.
You kill the kobold!
A gnoll comes into view. It is wielding a +0 halberd.
There are monsters nearby!
Your attacks no longer feel as feeble.
The gnoll shouts!
You begin transforming.
You continue transforming.
The gnoll bouda barks out a call to the hunt!
The gnolls pick up the pace!
You continue transforming.
The gnoll shouts!
The gnoll misses you.
You continue transforming.
The gnoll misses you. The gnoll hits you but does no damage.
You turn into something dangerously unstable.
Your +0 war axe melds into your body.
You hit the gnoll bouda but do no damage.
The gnoll bouda begins to glow.
The gnoll hits you with a +0 club. The gnoll hits you with a +0 flail.
The gnoll misses you. The gnoll barely misses you.
The gnoll bouda barely misses you.
You hit the gnoll bouda.
The gnoll bouda glows dangerously bright.
The gnoll bouda is lightly wounded.
The gnoll closely misses you. The gnoll barely misses you.
The gnoll hits you from afar with a +0 spear.
* * * LOW HITPOINT WARNING * * *
The gnoll closely misses you.
The gnoll bouda hits you with a +0 club.
You die...

#...+.........#
#...##.......## ##
#...#........#
.#####†..#.#......####
.##..'†..............#
.##.##...........#####
.......##........##
'##.##............#
....##.#.......gp##
....##.#.#.#.#.gg#
....##...#...#.gg#
###.##.#....#.(.g#
#... ........# #..#.
#....... .# . #.......
...[....? .#........


You could see a gnoll bouda (heavy contam) and 5 gnolls.

Vanquished Creatures
  A jelly (D:4)
  An iguana (D:4)
  Terence (D:3)
  5 adders
  4 worms
  A dart slug (D:3)
  5 ball pythons
  5 endoplasms
  5 giant cockroaches
  8 goblins
  6 hobgoblins
  4 kobolds
  4 quokkas
  5 bats
  2 frilled lizards
  6 rats
63 creatures vanquished.

Notes
Turn   | Place    | Note
-------+----------+-------------------------------------------
     0 | D:1      | Frqise the Hill Orc Gladiator began the quest for the Orb.
     0 | D:1      | Reached XP level 1. HP: 18/18 MP: 1/1
   115 | D:1      | Reached XP level 2. HP: 19/25 MP: 2/2
   732 | D:2      | Reached XP level 3. HP: 30/30 MP: 3/3
   768 | D:2      | Reached skill level 5 in Axes
   843 | D:2      | Reached skill level 1 in Armour
   898 | D:2      | Reached XP level 4. HP: 26/37 MP: 4/4
  1723 | D:3      | Reached skill level 6 in Axes
  2079 | D:3      | Noticed Terence
  2090 | D:3      | Killed Terence
  2091 | D:3      | Reached XP level 5. HP: 33/45 MP: 5/5
  2733 | D:4      | Slain by a gnoll bouda

Illustrated notes

Levels and vault maps discovered:
D:1:      lemuel_arrival_rhombus, layout_rooms, moated_statue
D:2:      layout_basic, roderic_roman_lattice, hex_intersection
D:3:      layout_loops_ring, serial_bayou_pond_c, uniq_terence
D:4:      layout_basic, mainiacjoe_overflow_concentric_impassable

Skill      XL: |  1  2  3  4  5 |
---------------+----------------+-----
Axes           | 5 6 |  6.6
Armour         | 1 2 |  2.1
Fighting       | 3 |  3.5
Throwing       | |  1.7
Dodging        | |  2.9
Stealth        | |  0.4

Action                     |  1- 3 |  4- 6 || total
---------------------------+-------+-------++-------
  Melee: War axe           |    78 |   126 ||   204
         Unarmed           |       |     2 ||     2
    Use: Scroll            |     2 |     6 ||     8
   Stab: Sleeping          |     1 |     1 ||     2
 Armour: Leather armour    |    51 |    65 ||   116
  Dodge: Dodged            |    68 |    61 ||   129
   Form: Flux              |       |     1 ||     1

Table legend: (Time is in decaauts)
 A = Elapsed time spent in this place.
 B = Non-inter-level travel time spent in this place.
 C = Inter-level travel time spent in this place.
 D = Time resting spent in this place.
 E = Time spent auto-exploring this place.
 F = Levels seen in this place.
 G = Mean time per level.
                   A        B        C        D        E       F      G
               +--------+--------+--------+--------+--------+-----+--------+
         Total |   2786 |   2634 |    152 |    299 |   1464 |   4 |  696.5 |
       Dungeon |   2786 |   2634 |    152 |    299 |   1464 |   4 |  696.5 |
               +--------+--------+--------+--------+--------+-----+--------+

Top non-repeatable levels by time:
     D:3: 1129 daAuts
     D:2: 769 daAuts
     D:1: 737 daAuts
     D:4: 150 daAuts
